 Dungeon Crawl Stone Soup version 0.18-a0-1024-gf1736fb (webtiles) character file.

1078 esc the Insei (level 8, -17/54 HPs)
             Began as an Octopode Transmuter on Jan 7, 2016.
             Demolished by an ogre
             ... wielding a +0 giant club
              (28 damage)
             ... on level 5 of the Dungeon.
             The game lasted 00:14:10 (4672 turns).

esc the Insei (Octopode Transmuter)                 Turns: 4672, Time: 00:14:10

Health: -17/54     AC:  1    Str:  9    XL:     8   Next: 29%
Magic:  13/14      EV: 14    Int: 18    God:
Gold:   286        SH:  0    Dex: 12    Spells: 3 memorised, 9 levels left

rFire  . . .     SeeInvis .       - Unarmed
rCold  . . .     Gourm    .     (no shield)
rNeg   . . .     Faith    .     (helmet restricted)
rPois  +         Spirit   .     (no amulet)
rElec  .         Dismiss  .     s - ring of poison resistance {rPois, !d}
rCorr  .         Reflect  .     (no ring)
SustAt .         Harm     .     (no ring)
MR     .....                    (no ring)
Stlth  ++........               (no ring)
                                (no ring)
                                (no ring)
                                (no ring)

@: not resistant to hostile enchantments, unstealthy
A: almost no armour, amphibious, 8 rings, constrict 8, camouflage 1, gelatinous
body 1
a: no special abilities


You were on level 5 of the Dungeon.
You were not hungry.

You visited 1 branch of the dungeon, and saw 5 of its levels.

You collected 286 gold pieces.

Inventory:

Missiles
 a - 27 arrows
 f - 23 poisoned needles
Jewellery
 s - a ring of poison resistance (left tentacle) {rPois, !d}
   (You found it on level 4 of the Dungeon)
Wands
 j - a wand of frost (28/48)
   (You found it on level 4 of the Dungeon)
 m - a wand of digging (12/24)
   (You took it off Jessica on level 2 of the Dungeon)
Scrolls
 g - 2 scrolls of remove curse
 h - a scroll of fear
 k - 3 scrolls of teleportation
Potions
 e - a potion of resistance
 i - a potion of might
 o - a potion of lignification {unknown}
 p - a potion of brilliance
 q - 4 potions of curing
 r - a potion of haste
Books
 b - a book of Changes
 n - Jessica's Grimoire of the Compass
   (You found it on level 2 of the Dungeon)

   Spells                             Type                      Level
   a - Apportation                    Translocation                1
 t - a book of Dreams
   (You found it on level 4 of the Dungeon)
Comestibles
 c - 4 bread rations {@e1}
 d - a slice of pizza
 l - 5 fruits


   Skills:
 + Level 3.9 Fighting
 + Level 4.7 Dodging
 + Level 5.4 Unarmed Combat
 + Level 4.1 Spellcasting
 + Level 4.6 Transmutations


You had 9 spell levels left.
You knew the following spells:

 Your Spells              Type           Power        Failure   Level  Hunger
a - Beastly Appendage     Trmt           ###...       1%          1    None
b - Ensorcelled Hibernat  Hex/Ice        #.....       21%         2    ##.....
c - Spider Form           Trmt/Pois      ##........   21%         3    ###....


Dungeon Overview and Level Annotations

Branches:
Dungeon (5/15)
 Temple: D:4-7

Altars:
Fedhas
Qazlal
Zin
The Shining One


Innate Abilities, Weirdness & Mutations

You cannot wear most types of armour.
You are amphibious.
You can wear up to eight rings at the same time.
You can use your tentacles to constrict eight enemies at once.
Your skin changes colour to match your surroundings (Stealth).
Your rubbery body absorbs attacks (AC +1).


Message History

Your magical contamination has completely faded away.
You start resting.
Your transformation has ended.
You tentacle-slap the phantom but do no damage.
The phantom completely misses you.
You tentacle-slap the phantom. The phantom completely misses you.
You tentacle-slap the phantom.
You destroy the phantom!
a - 13 arrows (gained 1)
You start resting.
You regained 16 hp, and now have 32/54 hp.
MP restored: 14 You start resting.
All of the chunks of flesh in your inventory have rotted away.
Health restored: 54
a - 27 arrows (gained 14)
You see here an uncursed shortbow.
You now have 271 gold pieces (gained 12).
You now have 286 gold pieces (gained 15).
You see here a hunting sling.
Found a stone staircase leading up.
An orc comes into view. It is wielding a mace of crushing.
There is a stone staircase leading up here.
The orc barely misses you.
You tentacle-slap the orc. Your grab misses the orc.
The orc hits you with a mace of crushing.
You take 4 damage, and have 50/54 hp.
You tentacle-slap the orc. You grab the orc. You constrict the orc.
You kill the orc!
No target in view!
i - an emerald potion Read which item? (? for menu, Esc to quit)
Identify which item? (\ to view known items) (? for menu, Esc to quit)
As you read the scroll of identify, it crumbles to dust.
i - a potion of might A shadow imp comes into view.
The helpless shadow imp fails to defend itself.
You tentacle-slap the shadow imp but do no damage.
You grab the shadow imp. You constrict the shadow imp. The shadow imp hits you.
You take 3 damage, and have 50/54 hp.
You tentacle-slap the shadow imp. You constrict the shadow imp.
The shadow imp barely misses you.
You tentacle-slap the shadow imp. You constrict the shadow imp.
The shadow imp barely misses you.
You tentacle-slap the shadow imp but do no damage.
You constrict the shadow imp, but do no damage.
The shadow imp hits you.
You take 6 damage, and have 44/54 hp.
You bludgeon the shadow imp!
You kill the shadow imp!
No target in view!
You start resting.
Health restored: 54 A jelly comes into view.
The helpless jelly fails to defend itself.
You tentacle-slap the jelly.
Your tentacles burn!
The jelly hits you.
You are splashed with acid!
The acid burns!
You take 12 damage, and have 42/54 hp.
MASSIVE DAMAGE!!
You tentacle-slap the jelly. The acid corrodes you!
Your tentacles burn!
The jelly hits you.
You are splashed with acid!
The acid burns!
You take 16 damage, and have 26/54 hp.
MASSIVE DAMAGE!!
You bludgeon the jelly!
Your tentacles burn!
You squeeze the jelly.
You kill the jelly!
You take 3 damage, and have 23/54 hp.
No target in view!
No target in view!
You start resting.
You are no longer corroded.
You regained 2 hp, and now have 25/54 hp.
You start resting.
Health restored: 54
o - a viscous pink potion Read which item? (? for menu, Esc to quit)
Okay, then.
Aim: an ogre, wielding a giant club (chance to defeat MR: 35%)
The ogre looks drowsy...
You now have 12/14 mp.
The helpless ogre fails to defend itself.
You tentacle-slap the ogre. Your squeeze misses the ogre.
The ogre hits you with a giant club!
A jackal comes into view.
You take 13 damage, and have 41/54 hp.
MASSIVE DAMAGE!!
The jackal barks!
You tentacle-slap the ogre. You bludgeon the ogre!
The ogre hits you with a giant club!
You take 14 damage, and have 27/54 hp.
MASSIVE DAMAGE!!
You tentacle-slap the ogre. The ogre hits you with a giant club!
* * * LOW HITPOINT WARNING * * *
You take 17 damage, and have 10/54 hp.
MASSIVE DAMAGE!!
You tentacle-slap the ogre. The ogre misses you.
You tentacle-slap the ogre but do no damage.
You barely miss the ogre. The jackal barely misses you.
The ogre hits you with a giant club!!
Ouch! That really hurt!
You die...

#.......## #######
#........######## #####
#................ #....
#.##.......########## #.###
#..........##.......# #....
#.#####.#.###.#####.######.###
...#####.#.# #.# #...........
.........#.# #.# ##.#####.###
##.####..#.###@######.# #.#
#.# #.....(hO.....#.# #.# #.#
#.##.###......#.# #[#
#.####.##.###.####.#.# ##.#
#..................#.# #..#
#รท.###.#..########.#.####.###
#.....##.<...# ##.#.##.....#
#..#[....#...# #..#.##.###.##
#..#..##....## #.##....# #...


You could see an ogre and a jackal.

Vanquished Creatures
  Grinder (D:4)
  Sigmund (D:2)
  The ghost of George the Slasher, an amateur MiFi (D:3)
  A phantom (D:5)
  2 ogres (D:4)
  A centaur (D:5)
  A jelly (D:5)
  2 orc priests
  Jessica (D:2)
  A worker ant (D:4)
  4 adders
  A shadow imp (D:5)
  An ooze (D:1)
  3 worms
  11 orcs
  8 bats
  7 giant cockroaches
  6 goblins
  11 hobgoblins
  10 jackals
  2 quokkas (D:2)
  2 ball pythons
  4 giant newts
  A jackal skeleton (D:4)
  14 kobolds
  11 rats
108 creatures vanquished.

Vanquished Creatures (others)
  A goblin (D:1)
  11 fungi (D:4)
12 creatures vanquished.

Grand Total: 120 creatures vanquished

Notes
Turn   | Place    | Note
--------------------------------------------------------------
     0 | D:1      | esc the Octopode Transmuter began the quest for the Orb.
     0 | D:1      | Reached XP level 1. HP: 13/13 MP: 3/3
    91 | D:1      | Reached XP level 2. HP: 5/18 MP: 3/5
   417 | D:1      | Reached XP level 3. HP: 20/23 MP: 4/6
  1070 | D:2      | Reached XP level 4. HP: 14/28 MP: 7/7
  1101 | D:2      | Noticed Jessica
  1271 | D:2      | Learned a level 3 spell: Spider Form
  1437 | D:2      | Noticed Sigmund
  1703 | D:2      | Found a glowing silver altar of Zin.
  1715 | D:2      | Found a blossoming altar of Fedhas.
  1824 | D:2      | Killed Jessica
  1835 | D:2      | Identified Jessica's Grimoire of the Compass
  2050 | D:2      | Killed Sigmund
  2050 | D:2      | Reached skill level 2 in Fighting
  2050 | D:2      | Reached skill level 3 in Dodging
  2050 | D:2      | Reached skill level 4 in Unarmed Combat
  2050 | D:2      | Reached skill level 3 in Transmutations
  2050 | D:2      | Reached XP level 5. HP: 9/34 MP: 0/9
  2050 | D:2      | Reached XP level 6. HP: 10/39 MP: 0/10
  2438 | D:3      | Found a blossoming altar of Fedhas.
  2457 | D:3      | Noticed George's ghost (amateur MiFi)
  2471 | D:3      | Killed George's ghost
  2471 | D:3      | Reached skill level 3 in Spellcasting
  2487 | D:3      | HP: 9/41 [orc/dagger (5)]
  2799 | D:3      | HP: 2/41 [orc/mace (9)]
  3030 | D:3      | Found a stormy altar of Qazlal.
  3157 | D:4      | Reached XP level 7. HP: 36/45 MP: 9/12
  3322 | D:4      | Reached skill level 4 in Dodging
  3399 | D:4      | HP: 10/45 [orc/flail (6)]
  3400 | D:4      | Reached skill level 3 in Fighting
  3445 | D:4      | Learned a level 2 spell: Ensorcelled Hibernation
  3453 | D:4      | Found a glowing golden altar of the Shining One.
  3695 | D:4      | Reached skill level 4 in Transmutations
  3726 | D:5      | Entered Level 5 of the Dungeon
  3726 | D:5      | Noticed Grinder
  3733 | D:5      | HP: 6/46 [Grinder (6)]
  3736 | D:4      | HP: 1/46 [Grinder/nerve-wracking pain (5)]
  3738 | D:4      | Killed Grinder
  3738 | D:4      | Reached skill level 5 in Unarmed Combat
  3738 | D:4      | Reached XP level 8. HP: 12/52 MP: 10/13
  4077 | D:5      | HP: 9/52 [phantom (10)]
  4084 | D:5      | HP: 5/54 [phantom (4)]
  4094 | D:5      | Reached skill level 4 in Spellcasting
  4669 | D:5      | HP: 10/54 [ogre/giant club (17)]
  4672 | D:5      | Demolished by an ogre

Vault maps used:
D:1:      minmay_arrival_hallway, monster_avoids_cloud
D:2:      amethyst_overflow_temple_binary, first_bread,
          kennysheep_jessica_study, uniq_jessica, uniq_sigmund
D:3:      grunt_qazlal_clouds, fedhas_altar_1
D:4:      serial_aquarium, aquarium_bridge_square, aquarium_window_corridor_2,
          aquarium_window_1, aquarium_view_2b, aquarium_view_2e, tso_altar
D:5:      lightli_minifort, uniq_grinder

Action                   |  1- 3 |  4- 6 |  7- 9 || total
-------------------------+-------+-------+-------++-------
Melee: Unarmed           |   102 |    98 |    97 ||   297
 Cast: Beastly Appendage |     4 |     5 |     1 ||    10
       Spider Form       |       |     7 |     6 ||    13
       Ensorcelled Hiber |       |       |     3 ||     3
  Use: Scroll            |     3 |     9 |     3 ||    15
       Potion            |       |     2 |     3 ||     5
 Stab: Sleeping          |     4 |     1 |     8 ||    13
       Distracted        |     1 |       |       ||     1
  Eat: Chunk             |     1 |     7 |     3 ||    11
       Beef jerky        |       |       |     2 ||     2

Vault maps used:
D:1:      minmay_arrival_hallway, monster_avoids_cloud
D:2:      amethyst_overflow_temple_binary, first_bread,
          kennysheep_jessica_study, uniq_jessica, uniq_sigmund
D:3:      grunt_qazlal_clouds, fedhas_altar_1
D:4:      serial_aquarium, aquarium_bridge_square, aquarium_window_corridor_2,
          aquarium_window_1, aquarium_view_2b, aquarium_view_2e, tso_altar
D:5:      lightli_minifort, uniq_grinder

Table legend:
 A = Turns spent in this place as a percentage of turns spent in the entire game.
 B = Non-inter-level travel turns spent in this place as a percentage of non-inter-level travel turns spent in the entire game.
 C = Inter-level travel turns spent in this place as a percentage of turns spent in this place.
 D = Turns resting spent in this place as a percentage of non-inter-level travel turns spent in this place.
 E = Turns spent auto-exploring this place as a percentage of non-inter-level travel turns spent in this place.
 F = Non-inter-level travel turns spent in this place divided by the number of levels of this place that you've seen.
                   A       B       C       D       E      F
               +-------+-------+-------+-------+-------+----------------------
         Total | 100.0 | 100.0 |   0.6 |   4.0 |   8.3 | 252.2
       Dungeon | 100.0 | 100.0 |   0.6 |   4.0 |   8.3 | 252.2
               +-------+-------+-------+-------+-------+----------------------

Table legend:
 A = Kills in this place as a percentage of kills in entire the game.
 B = Kills by you in this place as a percentage of kills by you in the entire game.
 C = Kills by friends in this place as a percentage of kills by friends in the entire game.
 D = Other kills in this place as a percentage of other kills in the entire game.
 E = Experience gained in this place as a percentage of experience gained in the entire game.
 F = Experience gained in this place divided by the number of levels of this place that you have seen.
                   A       B       C       D       E      F
               +-------+-------+-------+-------+-------+----------------------
         Total | 100.0 | 100.0 |  -nan |  -nan | 100.0 | 308.0
       Dungeon | 100.0 | 100.0 |  -nan |  -nan | 100.0 | 308.0
               +-------+-------+-------+-------+-------+----------------------
